 Dungeon Crawl Stone Soup version 0.29.1-1-gd02db6906a (webtiles) character file.

Game seed: 15874677252142605440

875 KamiKatze the Chopper (level 7, 0/58 HPs)
             Began as a Palentonga Berserker on Oct 7, 2022.
             Was a Priest of Trog.
             Slain by an iguana (6 damage)
             ... on level 5 of the Dungeon on Oct 8, 2022.
             The game lasted 00:14:35 (3755 turns).

KamiKatze the Chopper (Palentonga Berserker)        Turns: 3755, Time: 00:14:36

Health: 0/58       AC: 15    Str: 24    XL:     7   Next: 74%
Magic:  7/7        EV:  8    Int:  8    God:    Trog [***...]
Gold:   67         SH:  0    Dex:  9    Spells: 6/6 levels left

rFire   . . .      SeeInvis +   a - +0 hand axe
rCold   + . .      Faith    .   (no shield)
rNeg    . . .      Spirit   .   c - +0 scale mail
rPois   +          Reflect  .   (no helmet)
rElec   .          Harm     .   (no cloak)
rCorr   .          Rampage  .   r - +0 pair of gloves
Will    .....                   (no barding)
Stlth   ..........              e - amulet of magic regeneration
HPRegen 0.19/turn               m - ring of protection from cold
MPRegen 0.50/turn               u - ring of poison resistance

@: on berserk cooldown, slowed, curled up, very slow
A: large, rugged brown scales 3, see invisible, deformed body, roll 1, armoured
tail, reflexive curl
a: Rolling Charge, Renounce Religion, Berserk, Trog's Hand


You were on level 5 of the Dungeon.
You worshipped Trog.
Trog was most pleased with you.
You visited 1 branch of the dungeon, and saw 5 of its levels.

You collected 157 gold pieces.
You spent 90 gold pieces at shops.

Inventory:

Hand Weapons
 a - a +0 hand axe (weapon)
 b - a +2 falchion of flaming
 v - a +0 trident
Missiles
 k - 9 poisoned darts (quivered)
 t - 6 atropa-tipped darts
Armour
 c - a +0 scale mail (worn)
 r - a +0 pair of gloves (worn)
Jewellery
 e - an amulet of magic regeneration (around neck)
 m - a ring of protection from cold (left hand)
 o - a ring of protection from cold
 u - a ring of poison resistance (right hand)
Scrolls
 f - a scroll of immolation {unknown}
 h - 6 scrolls of teleportation
 n - a scroll of amnesia {unknown}
 p - a scroll of fear {unknown}
 s - 3 scrolls of blinking
 w - a scroll of magic mapping {unknown}
Potions
 d - 3 potions of haste
 g - a potion of cancellation {unknown}
 i - 3 potions of curing
 j - a potion of lignification {unknown}
 l - a potion of magic {unknown}
 q - a potion of invisibility {unknown}
 x - a potion of might {unknown}
 z - a potion of heal wounds {unknown}
 A - a potion of flight {unknown}


   Skills:
 + Level 4.9 Fighting
 * Level 6.3 Axes
 + Level 3.5 Armour
 + Level 3.6 Dodging


You had 6 spell levels left.
You didn't know any spells.
Your spell library was empty.

Dungeon Overview and Level Annotations

Branches:
Dungeon (5/15)
 Temple: D:4-7

Altars:

Shops:
D:1 ?   D:4 *


Innate Abilities, Weirdness & Mutations

You are completely covered in rugged brown scales. (AC +3, +7% HP)
You have supernaturally acute eyesight. (SInv)
Armour fits poorly on your strangely shaped body.
You can roll at nearby foes to attack.
You have a long armoured tail.
You curl defensively after being hit. (AC +7*)


Message History

You see here a black bear corpse.
You feel a strong urge to attack something.
You are no longer berserk.
You are exhausted.
You feel yourself slow down. The iguana barely misses you.
You barely miss the iguana. The iguana bites you!
* * * LOW HITPOINT WARNING * * *
You slash the iguana!
Your tail-slap misses the iguana.
The iguana is heavily wounded.
The iguana bites you.
* * * LOW HITPOINT WARNING * * *
The iguana bites you but does no damage.
You hit the iguana.
You tail-slap the iguana, but do no damage.
The iguana is heavily wounded.
The iguana barely misses you.
You hit the iguana but do no damage.
The iguana is heavily wounded.
The iguana bites you but does no damage. x2
You closely miss the iguana.
The iguana is heavily wounded.
The iguana barely misses you.
You barely miss the iguana.
The iguana is heavily wounded.
The iguana barely misses you. x2
You hit the iguana.
The iguana is heavily wounded.
The iguana bites you.
* * * LOW HITPOINT WARNING * * *
Unknown command.
You hit the iguana.
The iguana is almost dead.
The iguana bites you.
* * * LOW HITPOINT WARNING * * *
Unknown command.
You closely miss the iguana.
Your tail-slap misses the iguana.
The iguana is almost dead.
The iguana bites you but does no damage.
The iguana bites you.
You die...

#. #.# ##.....
.#####.#####......
..##........#####
#.#...#######
#####.#..#
#........#
#.##....†...# ##
.........#..### #.
.##...@l.....# #[.
...........[.... .
####....#...#### .
#....##$.# .
#....# .... .
#..... .#### .
##..## .. #..


You could see an iguana.

Vanquished Creatures
  An ice beast (D:5)
  2 black bears (D:5)
  A phantom (D:5)
  A bullfrog (D:5)
  A scorpion (D:4)
  A necrophage (D:5)
  A centaur zombie (D:5)
  A hound (D:4)
  A jelly (D:4)
  Jessica (D:2)
  A mummy (D:5)
  7 gnolls
  6 adders
  A worm (D:2)
  4 dart slugs
  7 orcs (D:3)
  4 endoplasms
  A giant cockroach (D:3)
  9 goblins
  7 hobgoblins
  10 jackals
  2 quokkas
  6 ball pythons
  3 bats
  2 frilled lizards
  9 kobolds
  10 rats
100 creatures vanquished.

Vanquished Creatures (others)
  4 plants (D:4)
4 creatures vanquished.

Grand Total: 104 creatures vanquished

Notes
Turn   | Place    | Note
-------+----------+-------------------------------------------
     0 | D:1      | KamiKatze the Palentonga Berserker began the quest for the
                  | Orb.
     0 | D:1      | Reached XP level 1. HP: 19/19 MP: 1/1
   188 | D:1      | Reached XP level 2. HP: 25/25 MP: 2/2
   202 | D:1      | Found a faded altar of an unknown god.
   285 | D:1      | Found Uhukhlon's Magic Scroll Emporium.
   567 | D:2      | Reached XP level 3. HP: 27/31 MP: 3/3
   606 | D:2      | Noticed Jessica
   623 | D:2      | Killed Jessica
   624 | D:2      | Reached XP level 4. HP: 36/37 MP: 4/4
   796 | D:2      | Reached ** piety under Trog
   874 | D:2      | Reached skill level 4 in Axes
  1137 | D:2      | Reached XP level 5. HP: 36/44 MP: 5/5
  2287 | D:4      | Found Zahapt's General Store.
  2321 | D:4      | Bought a scroll of blinking for 90 gold pieces
  2470 | D:4      | Reached *** piety under Trog
  2853 | D:4      | Reached XP level 6. HP: 34/51 MP: 6/6
  3095 | D:4      | Reached skill level 5 in Axes
  3371 | D:5      | Entered Level 5 of the Dungeon
  3502 | D:5      | Gained mutation: You curl defensively after being hit. (AC
                  | +7*) [Palentonga growth]
  3502 | D:5      | Reached XP level 7. HP: 28/57 MP: 7/7
  3651 | D:5      | Reached skill level 6 in Axes
  3755 | D:5      | Slain by an iguana

Illustrated notes

Levels and vault maps discovered:
D:1:      heliophobic_arrival_henge, layout_rooms, serial_shops,
          nicolae_shop_hallway_plus, hellmonk_ecumenical_altar_leap_of_faith
D:2:      layout_loops_ring, uniq_jessica
D:3:      layout_loops_corners
D:4:      layout_gridville, serial_shops, shop, saegor_snake_ambush
D:5:      layout_rooms, gammafunk_temple_overflow_forgotten,
          lemuel_mausoleum_altar_yredelemnul, grunt_decor_fettered,
          kennysheep_generic_room_16, uniq_duvessa

Skill      XL: |  1  2  3  4  5  6  7 |
---------------+----------------------+-----
Dodging        | 2 3 |  3.6
Armour         | 2 3 |  3.5
Axes           | 4 5 6 |  6.3
Fighting       | 4 |  4.9

Action                   |  1- 3 |  4- 6 |  7- 9 || total
-------------------------+-------+-------+-------++-------
Melee: Hand axe          |    58 |   187 |    41 ||   286
       Tailslap          |     5 |    24 |     4 ||    33
Invok: Berserk           |       |     2 |     1 ||     3
 Abil: Rolling Charge    |    21 |    32 |     3 ||    56
  Use: Scroll            |       |     3 |       ||     3
Armor: Scale mail        |    20 |    82 |    17 ||   119
Dodge: Dodged            |    25 |    88 |    14 ||   127
